 Dungeon Crawl Stone Soup version 0.19-a0-1629-g59ed194 (webtiles) character file.

63 Fuzzwah the Skirmisher (level 3, 0/31 HPs)
             Began as a Centaur Fighter on Sept 18, 2016.
             Slain by an adder (2 damage)
             ... on level 1 of the Dungeon.
             The game lasted 00:04:01 (1475 turns).

Fuzzwah the Skirmisher (Centaur Fighter)            Turns: 1475, Time: 00:04:01

Health: 0/31       AC:  7    Str: 18    XL:     3   Next: 87%
Magic:  3/3        EV:  5    Int:  7    God:
Gold:   58         SH:  8    Dex:  9    Spells: 0 memorised, 2 levels left

rFire  . . .     SeeInvis .     a - +0 trident
rCold  . . .     Gourm    .     b - +0 scale mail
rNeg   . . .     Faith    .     c - +0 shield
rPois  .         Spirit   .     (no helmet)
rElec  .         Dismiss  .     (no cloak)
rCorr  .         Reflect  .     j - +0 pair of gloves
MR     .....     Harm     .     (no barding)
Stlth  ..........               (no amulet)
                                (no ring)
                                (no ring)

@: lethally poisoned (0 -> -6), drained, very quick
A: hooves 3, deformed body, speed 2, tough skin 3
a: no special abilities


You were on level 1 of the Dungeon.
You were not hungry.

You visited 1 branch of the dungeon, and saw 2 of its levels.

You collected 58 gold pieces.

Inventory:

Hand Weapons
 a - a +0 trident (weapon)
Armour
 b - a +0 scale mail (worn)
 c - a +0 shield (worn)
 j - a +0 pair of gloves (worn)
   (You found it on level 1 of the Dungeon)
Scrolls
 e - a scroll of enchant armour {unknown}
 h - a scroll of recharging {unknown}
 i - a scroll of remove curse {unknown}
 l - 2 scrolls of identify {unknown}
Potions
 d - a potion of might
 g - a potion of mutation {unknown}
 k - a potion of magic {unknown}
 m - a potion of curing {unknown}
Comestibles
 f - a bread ration {@e1}


   Skills:
 + Level 3.4(3.2) Fighting
 * Level 2.6(2.4) Polearms
 + Level 2.5(2.4) Armour
 + Level 2.5(2.3) Shields


You had 2 spell levels left.
You didn't know any spells.

Dungeon Overview and Level Annotations

Branches:
Dungeon (2/15)

Altars:
Nemelex Xobeh

Annotations:
D:2 Robin


Innate Abilities, Weirdness & Mutations

You have hooves in place of feet.
Armour fits poorly on your strangely shaped body.
You cover ground very quickly.
You have extremely tough skin. (AC +3)


Message History

The jackal bites you.
You take 1 damage, and have 30/31 hp.
You puncture the jackal!
You kill the jackal!
The jackal bites you but does no damage. x2
You hit the jackal. Your kick misses the jackal.
The jackal bites you but does no damage.
You closely miss the jackal. The jackal bites you.
You take 1 damage, and have 29/31 hp.
You closely miss the jackal. The jackal bites you. x2
You take 5 damage, and have 24/31 hp.
You hit the jackal but do no damage. Your kick misses the jackal.
You block the jackal's attack. The jackal bites you.
You take 1 damage, and have 23/31 hp.
You puncture the jackal!
You kill the jackal!
The jackal stops to sniff the ground.
You hit the jackal.
You kill the jackal!
No target in view!
You see here a jackal corpse.
Found a stone staircase leading down.
A kobold comes into view. It is wielding a short sword.
The kobold shouts!
A kobold comes into view. It is wielding a short sword.
The kobold shouts!
You hit the kobold but do no damage. Your kick misses the kobold.
You block the kobold's attack.
An adder and a worm come into view.
You hit the kobold.
You kill the kobold!
The adder moves out of view.
You miss the kobold.
The worm moves out of view.
The kobold hits you with a short sword.
You take 5 damage, and have 19/31 hp.
You barely miss the kobold. The kobold barely misses you.
You puncture the kobold!
You kill the kobold!
You block the adder's attack.
You miss the adder. The adder bites you.
You are poisoned.
The adder poisons you! The adder bites you but does no damage.
You take 3 damage, and have 17/31 hp.
You closely miss the adder.
You feel sick. The adder bites you but does no damage.
You take 1 damage, and have 16/31 hp.
You hit the adder. The adder bites you. x2
You are more poisoned.
The adder poisons you!
A dart slug comes into view.
You take 3 damage, and have 13/31 hp.
You feel sick.
You take 1 damage, and have 12/31 hp.
You feel sick.
You take 1 damage, and have 11/31 hp.
The adder bites you but does no damage. The adder bites you but does no damage.
You feel sick.
You take 1 damage, and have 10/31 hp.
You closely miss the adder. Your kick misses the adder. The adder bites you.
* * * LOW HITPOINT WARNING * * *
You take 1 damage, and have 9/31 hp.
Your shield and scale mail prevent you from hitting the adder.
Your kick misses the adder.
You feel sick. You block the adder's attack.
The adder bites you but does no damage.
You take 1 damage, and have 8/31 hp.
Your scale mail prevents you from hitting the adder.
You kick the adder.
You feel sick. You block the adder's attack.
You take 1 damage, and have 7/31 hp.
You closely miss the adder. Your kick misses the adder.
You block the adder's attack. The adder bites you but does no damage.
Your shield and scale mail prevent you from hitting the adder.
Your kick misses the adder.
You feel sick. You block the adder's attack.
The adder bites you but does no damage.
You take 1 damage, and have 6/31 hp.
You barely miss the adder. The adder bites you.
* * * LOW HITPOINT WARNING * * *
You take 1 damage, and have 5/31 hp.
You see here a jackal corpse.
You feel sick.
You see here a jackal corpse.
You feel sick.
You take 1 damage, and have 4/31 hp.
There is a stone staircase leading up here.
You block the adder's attack.
You climb upwards.
You feel sick.
There is a stone staircase leading down here.
You take 1 damage, and have 3/31 hp.
You hit the adder but do no damage. The adder barely misses you.
Your shield and scale mail prevent you from hitting the adder.
Your kick misses the adder. The adder bites you but does no damage.
The adder completely misses you.
You barely miss the adder. Your kick misses the adder. The adder bites you.
* * * LOW HITPOINT WARNING * * *
You are lethally poisoned!
The adder poisons you!
You completely miss the adder. Your kick misses the adder.
* * * LOW HITPOINT WARNING * * *
You feel sick. The adder bites you.
You die...

PP.......#### #..#......###.
♣..PP♣......# #..#..#.#.###.
♣♣♣♣♣....##.########.............
# #......##..............#.#.####
###......###########.###.....#...
.................# #.# ###.###.##
###......#######.# #.#####.......
#......# #S# #.........#.## #
#...#..# #@# #########.#.#
###...#..# #.# #.#.# .##...#..#
##.## #.#.# #.....#..######...###
###.#.#
.###................######.....##
####..#..####...................#
......#..#....#################.)
####.##....########.......### ###
#.#..#######.............### #


You could see an adder.

Vanquished Creatures
  Jessica (D:2)
  An ooze (D:1)
  2 giant cockroaches (D:1)
  9 goblins
  4 hobgoblins
  4 jackals (D:2)
  A ball python (D:1)
  A bat (D:1)
  2 kobolds (D:2)
  5 rats
30 creatures vanquished.

Notes
Turn   | Place    | Note
-------+----------+-------------------------------------------
     0 | D:1      | Fuzzwah the Centaur Fighter began the quest for the Orb.
     0 | D:1      | Reached XP level 1. HP: 19/19 MP: 1/1
    83 | D:1      | Reached skill level 2 in Polearms
   121 | D:1      | Found a sparkling altar of Nemelex Xobeh.
   190 | D:1      | Reached XP level 2. HP: 26/26 MP: 2/2
  1008 | D:2      | Noticed Jessica
  1039 | D:2      | Killed Jessica
  1039 | D:2      | Reached XP level 3. HP: 27/31 MP: 3/3
  1076 | D:2      | Noticed Robin
  1095 | D:2      | HP: 6/31 [goblin[Robin] (5)]
  1100 | D:2      | HP: 2/31 [Robin/goblin (2)]
  1456 | D:2      | HP: 7/31 [poisoned by an adder]
  1462 | D:2      | HP: 5/31 [poisoned by an adder]
  1467 | D:2      | HP: 4/31 [poisoned by an adder]
  1474 | D:1      | HP: 3/31 [adder (1)]
  1475 | D:1      | Slain by an adder

Vault maps used:
D:1:      dpeg_arrival_snail, serial_forest, infiniplex_forest_lined_room_3,
          infiniplex_forest_clump_double, infiniplex_forest_clump_cross,
          infiniplex_forest_end_3, infiniplex_forest_clump_curved,
          infiniplex_forest_clump_diagonal, nemelex_xobeh_ov_fountains_minmay
D:2:      zin_academy, tso_oasis_becter, minmay_distorted, uniq_jessica,
          uniq_robin

Skill      XL: |  1 |
---------------+----+-----
Polearms       | 2 |  2.6
Fighting       | |  3.4
Armour         | |  2.5
Shields        | |  2.5

Action                   || total
-------------------------++-------
Melee: Trident           ||   102
       Kick              ||    15
  Eat: Bread ration      ||     1
Armor: Scale mail        ||    49
Dodge: Dodged            ||    18
Block: Shield            ||    37

Vault maps used:
D:1:      dpeg_arrival_snail, serial_forest, infiniplex_forest_lined_room_3,
          infiniplex_forest_clump_double, infiniplex_forest_clump_cross,
          infiniplex_forest_end_3, infiniplex_forest_clump_curved,
          infiniplex_forest_clump_diagonal, nemelex_xobeh_ov_fountains_minmay
D:2:      zin_academy, tso_oasis_becter, minmay_distorted, uniq_jessica,
          uniq_robin

Table legend:
 A = Turns spent in this place as a percentage of turns spent in the entire game.
 B = Non-inter-level travel turns spent in this place as a percentage of non-inter-level travel turns spent in the entire game.
 C = Inter-level travel turns spent in this place as a percentage of turns spent in this place.
 D = Turns resting spent in this place as a percentage of non-inter-level travel turns spent in this place.
 E = Turns spent auto-exploring this place as a percentage of non-inter-level travel turns spent in this place.
 F = Non-inter-level travel turns spent in this place divided by the number of levels of this place that you've seen.
                   A       B       C       D       E      F
               +-------+-------+-------+-------+-------+----------------------
         Total | 100.0 | 100.0 |   0.8 |   1.5 |  13.3 | 132.0
       Dungeon | 100.0 | 100.0 |   0.8 |   1.5 |  13.3 | 132.0
               +-------+-------+-------+-------+-------+----------------------

Table legend:
 A = Kills in this place as a percentage of kills in entire the game.
 B = Kills by you in this place as a percentage of kills by you in the entire game.
 C = Kills by friends in this place as a percentage of kills by friends in the entire game.
 D = Other kills in this place as a percentage of other kills in the entire game.
 E = Experience gained in this place as a percentage of experience gained in the entire game.
 F = Experience gained in this place divided by the number of levels of this place that you have seen.
                   A       B       C       D       E      F
               +-------+-------+-------+-------+-------+----------------------
         Total | 100.0 | 100.0 |  -nan |  -nan | 100.0 |  45.0
       Dungeon | 100.0 | 100.0 |  -nan |  -nan | 100.0 |  45.0
               +-------+-------+-------+-------+-------+----------------------
